 Dungeon Crawl Stone Soup version 0.29.1-15-g9cfb28693d (webtiles) character file.

Game seed: 5743597153989529349

9 Carnifexus the Magician (level 2, -7/21 HPs)
             Began as a Djinni Hedge Wizard on Mar 27, 2023.
             Mangled by Sigmund
             ... wielding a +3 scythe of pain
              (9 damage)
             ... on level 2 of the Dungeon.
             The game lasted 00:01:32 (1496 turns).

Carnifexus the Magician (Djinni Hedge Wizard)       Turns: 1496, Time: 00:01:33

Health: -7/21      AC:  3    Str:  9    XL:     2   Next: 25%
Gold:   74         EV:  9    Int: 15    God:
                   SH:  6    Dex: 12

rFire   + + .      SeeInvis .   a - +0 dagger
rCold   x . .      Faith    .   h - +0 kite shield
rNeg    . . .      Spirit   .   j - +0 leather armour
rPois   ∞          Reflect  .   c - +0 hat
rElec   .          Harm     .   (no cloak)
rCorr   .          Rampage  .   (no gloves)
Will    .....                   (boots unavailable)
Stlth   ++........              (no amulet)
HPRegen 0.07/turn               (no ring)
MPRegen 0.00/turn               (no ring)

@: flying
A: sickness immunity, fire resistance 2, cold vulnerability 1, float, innate
caster, HP casting, extra vitality 1
a: no special abilities


You were on level 2 of the Dungeon.
You visited 1 branch of the dungeon, and saw 2 of its levels.

You collected 74 gold pieces.

Inventory:

Hand Weapons
 a - a +0 dagger (weapon)
Armour
 b - a +0 robe
 c - a +0 hat (worn)
 h - a +0 kite shield (worn)
 j - a +0 leather armour (worn)
Scrolls
 d - 4 scrolls of identify {unknown}
 e - a scroll of acquirement {unknown}
 f - a scroll of enchant weapon {unknown}
 g - 2 scrolls of teleportation {unknown}
 k - a scroll of immolation {unknown}
Potions
 i - a potion of curing {unknown}


   Skills:
 + Level 2.2 Dodging
 + Level 1.6 Stealth
 + Level 2.8 Spellcasting


You couldn't memorise any spells.
You knew the following spells:

 Your Spells              Type           Power      Damage    Failure   Level
a - Magic Dart            Conj           40%        1d5       32%         1
b - Blink                 Tloc           20%        N/A       45%         2
c - Call Imp              Summ           10%        N/A       45%         2
d - Slow                  Hex            40%        N/A       32%         1
e - Conjure Flame         Conj/Fire      10%        6-21      69%         3
f - Mephitic Cloud        Conj/Pois/Air  10%        N/A       69%         3
Your spell library was empty.

Dungeon Overview and Level Annotations

Branches:
Dungeon (2/15)

Altars:

Annotations:
D:2 Sigmund


Innate Abilities, Weirdness & Mutations

You are immune to sickness and miasma.
You are immune to poison.
Your flesh is very heat resistant. (rF++)
You are vulnerable to cold. (rC-)
You float through the air rather than walking.
You learn spells naturally, not from books.
Your magical power is your life essence.
You have superior vitality. (+4 MHP)


Message History

There is a dry fountain here.
You reach down and open the door.
There is an open door here.
Done exploring.
Done exploring.
There is a stone staircase leading down here.
You fly downwards.
Found a robe and a scroll labelled WUEBBE XUIDETE.
There is a stone staircase leading up here.
k - a scroll labelled WUEBBE XUIDETE
Found a robe.
Found a stone staircase leading up.
d - 4 scrolls labelled WUNYXU LEFUDGHI (gained 1)
g - 2 scrolls labelled SYICRIEHAA (gained 1)
A rat comes into view.
A rat is nearby!
Found a pair of gloves.
The helpless rat fails to defend itself.
You puncture the rat!
You kill the rat!
Sigmund the Dreaded comes into view.
He is wielding a +3 scythe of pain.
Sigmund shouts!
Sigmund hits you from afar with a +3 scythe of pain!
You writhe in agony.
You hit Sigmund.
Sigmund is lightly wounded.
You block Sigmund's attack.
You barely miss Sigmund.
Sigmund is lightly wounded.
You block Sigmund's attack.
You hit Sigmund but do no damage.
Sigmund is lightly wounded.
Sigmund hits you with a +3 scythe of pain!
* * * LOW HITPOINT WARNING * * *
You hit Sigmund but do no damage.
Sigmund is lightly wounded.
Sigmund casts a spell.
Sigmund flickers and vanishes!
Deactivating autopickup; reactivate with Ctrl-A.
You hit something but do no damage. Something hits you!
You die...

#.............
####......##.##
#....#...###.#
#.##.###.###.#
#.##.# #.##..#
#.##.# #.#..###
######.##.###.......
#......##.#.........
#.{@................
#......#............
#......#...^..#..<..
######## ......###..
..... .... #.# ....
##.#. .... .. .


There were no monsters in sight!

Vanquished Creatures
  A dart slug (D:1)
  An endoplasm (D:1)
  A goblin (D:1)
  A bat (D:1)
  2 kobolds (D:1)
  2 rats
8 creatures vanquished.

Notes
Turn   | Place    | Note
-------+----------+-------------------------------------------
     0 | D:1      | Carnifexus the Djinni Hedge Wizard began the quest for the
                  | Orb.
     0 | D:1      | Carnifexus set off with the following spells memorised:
                  | Magic Dart, Blink, Call Imp, Slow, Conjure Flame, Mephitic
                  | Cloud.
     0 | D:1      | Reached XP level 1. HP: 15/15 MP: 0/0
   496 | D:1      | Reached XP level 2. HP: 21/21 MP: 0/0
  1287 | D:1      | Found a faded altar of an unknown god.
  1488 | D:2      | Noticed Sigmund
  1496 | D:2      | Mangled by Sigmund

Illustrated notes

Levels and vault maps discovered:
D:1:      minmay_arrival_stone_box, layout_basic,
          shapermc_ecumenical_altar_acropolis, minivault_19,
          minmay_tiny_reverse_x
D:2:      layout_rooms, roderic_roman_lattice, uniq_sigmund

Action                   || total
-------------------------++-------
Melee: Dagger            ||    52
 Stab: Sleeping          ||     2
Armor: Robe              ||     7
Dodge: Dodged            ||    27
Block: Kite shield       ||    10
